 Dungeon Crawl Stone Soup version 0.19-a0-1834-g6b7851e (webtiles) character file.

100 dobroeutro the Ruffian (level 4, -3/45 HPs)
             Began as a Troll Monk on Oct 9, 2016.
             Slain by Sigmund
             ... wielding a +0 scythe
              (10 damage)
             ... on level 3 of the Dungeon.
             The game lasted 00:03:15 (1876 turns).

dobroeutro the Ruffian (Troll Monk)                 Turns: 1876, Time: 00:03:16

Health: -3/45      AC:  6    Str: 20    XL:     4   Next: 46%
Magic:  3/3        EV: 11    Int:  6    God:
Gold:   185        SH:  0    Dex: 12    Spells: 0 memorised, 3 levels left

rFire  . . .     SeeInvis .       - Unarmed
rCold  . . .     Gourm    +     a - +0 robe
rNeg   . . .     Faith    .     (no shield)
rPois  .         Spirit   .     (helmet restricted)
rElec  .         Dismiss  .     s - +0 cloak
rCorr  .         Reflect  .     (gloves unavailable)
MR     .....     Harm     .     (boots unavailable)
Stlth  +.........               m - amulet of magic regeneration
                                (no ring)
                                (no ring)

@: confused
A: unfitting armour, claws 3, fast metabolism 3, gourmand, regeneration 1,
shaggy fur 1, tough skin 2
a: no special abilities


You were on level 3 of the Dungeon.
You were very full.

You visited 1 branch of the dungeon, and saw 3 of its levels.

You collected 185 gold pieces.

Inventory:

Armour
 a - a +0 robe (worn)
 s - a +0 cloak (worn)
Jewellery
 m - an amulet of magic regeneration (around neck)
Scrolls
 c - 2 scrolls of identify {unknown}
 e - a scroll of amnesia {unknown}
 g - a scroll of blinking {unknown}
 h - 3 scrolls of enchant armour {unknown}
 i - a scroll of fog {unknown}
 k - 3 scrolls of teleportation {unknown}
 l - 3 scrolls of immolation {unknown}
 n - a scroll of remove curse {unknown}
 p - 3 scrolls of magic mapping {unknown}
Potions
 d - a potion of invisibility {unknown}
 j - 3 potions of curing {unknown}
 o - a potion of heal wounds {unknown}
 q - a potion of ambrosia {unknown}
 r - a potion of magic {unknown}
 t - a potion of degeneration {unknown}
 u - a potion of haste {unknown}
 v - a potion of experience {unknown}
 w - a potion of agility {unknown}
 x - a potion of berserk rage {unknown}
Comestibles
 b - 3 bread rations
 f - 8 fruits


   Skills:
 + Level 3.2 Fighting
 + Level 0.8 Armour
 + Level 3.0 Dodging
 - Level 1.0 Stealth
 * Level 3.8 Unarmed Combat


You had 3 spell levels left.
You didn't know any spells.

Dungeon Overview and Level Annotations

Branches:
Dungeon (3/15)

Altars:

Annotations:
D:3 Sigmund


Innate Abilities, Weirdness & Mutations

You are too large for most types of armour.
You have claws for hands.
Your metabolism is lightning-fast.
You like to eat raw meat.
Your natural rate of healing is unusually fast.
You are covered in fur. (AC +1)
You have very tough skin. (AC +2)


Message History

No target in view!
No target in view!
No target in view!
No target in view!
No target in view!
No target in view!
No target in view!
No target in view!
No target in view!
No target in view!
No target in view!
You miss something.
You hear some strange, mumbled words.
You are confused.
Something hits you!
* * * LOW HITPOINT WARNING * * *
Something hits you.
* * * LOW HITPOINT WARNING * * *
Something hits you!
You die...

#.# #.# #.# #.#
###.####. #.##.#
###........ ##.##.#
#......). ...#.#
#.......
#..#.###..^..#
#..#...#..{.@#####
#..#...###.......#
#####..#...###.......#
................>....#
..###..#.#####.......#
..###..#+###...#######
..##.......#...#####
..##...............#
..#............###.#


There were no monsters in sight!

Vanquished Creatures
  2 adders
  An ooze (D:2)
  4 worms
  2 leopard geckos (D:1)
  A ball python (D:3)
  5 bats
  A giant cockroach (D:2)
  10 goblins
  8 hobgoblins
  3 jackals (D:1)
  3 quokkas
  5 frilled lizards
  6 kobolds
  13 rats
64 creatures vanquished.

Notes
Turn   | Place    | Note
-------+----------+-------------------------------------------
     0 | D:1      | dobroeutro the Troll Monk began the quest for the Orb.
     0 | D:1      | Reached XP level 1. HP: 22/22 MP: 0/0
   119 | D:1      | Reached XP level 2. HP: 29/29 MP: 1/1
   559 | D:2      | Reached XP level 3. HP: 34/36 MP: 2/2
  1059 | D:2      | Reached XP level 4. HP: 39/45 MP: 3/3
  1861 | D:3      | Noticed Sigmund
  1876 | D:3      | Slain by Sigmund

Vault maps used:
D:1:      dpeg_arrival_ratfight
D:2:      first_bread, serial_bayou, serial_bayou_lagoon_a, serial_bayou_pond_b,
          serial_bayou_shore_a, serial_bayou_pond_e, serial_bayou_lake_a,
          serial_bayou_shore_b
D:3:      st_stairs_14, serial_park_tiny_1, minmay_quantized, uniq_sigmund

Skill      XL: |  1  2  3  4 |
---------------+-------------+-----
Fighting       | 3 |  3.2
Dodging        | 3 |  3.0
Armour         | |  0.8
Stealth        | |  1.0
Unarmed Combat | |  3.8

Action                   |  1- 3 |  4- 6 || total
-------------------------+-------+-------++-------
Melee: Unarmed           |   115 |    39 ||   154
       Punch             |     2 |       ||     2
 Stab: Distracted        |     2 |       ||     2
       Sleeping          |     2 |     1 ||     3
  Eat: Chunk             |     9 |    13 ||    22
Armor: Robe              |    44 |     9 ||    53
Dodge: Dodged            |    48 |    18 ||    66
